 Dungeon Crawl Stone Soup version 0.28-a0-1638-g9123634e07 (webtiles) character file.

Game seed: 16788963767748545766

8 porpoise the Sneak (level 2, 0/23 HPs)
             Began as a Demonspawn Brigand on Jan 26, 2022.
             Slain by a kobold (1 damage)
             ... on level 1 of the Dungeon.
             The game lasted 00:02:25 (395 turns).

porpoise the Sneak (Demonspawn Brigand)              Turns: 395, Time: 00:02:26

Health: 0/23       AC:  3    Str: 11    XL:     2   Next: 0%
Magic:  2/2        EV: 11    Int: 12    God:
Gold:   26         SH:  0    Dex: 14    Spells: 1/1 levels left

rFire   . . .      SeeInvis .   a - +2 dagger
rCold   . . .      Faith    .   (no shield)
rNeg    . . .      Spirit   .   b - +0 robe
rPois   .          Reflect  .   (helmet restricted)
rElec   .          Harm     .   c - +0 cloak
rCorr   .          Rampage  .   (no gloves)
Will    .....                   (no boots)
Stlth   ++........              (no amulet)
HPRegen 0.07/turn               (no ring)
MPRegen 0.08/turn               (no ring)

@: no status effects
A: horns 1
a: no special abilities


You were on level 1 of the Dungeon.
You visited 1 branch of the dungeon, and saw 1 of its levels.

You collected 26 gold pieces.

Inventory:

Hand Weapons
 a - a +2 dagger (weapon)
Missiles
 d - 6 poisoned darts (quivered)
 e - 2 curare-tipped darts
 g - 12 arrows
Armour
 b - a +0 robe (worn)
 c - a +0 cloak (worn)
Scrolls
 f - 2 scrolls of fog {unknown}
 h - 2 scrolls of magic mapping {unknown}
 i - a scroll of enchant weapon {unknown}


   Skills:
 * Level 2.4 Fighting
 - Level 1.7 Short Blades
 + Level 2.0 Throwing
 - Level 0.8 Dodging
 + Level 3.7 Stealth


You had one spell level left.
You didn't know any spells.
Your spell library was empty.

Dungeon Overview and Level Annotations

Branches:
Dungeon (1/15)

Altars:


Innate Abilities, Weirdness & Mutations

You have a pair of small horns on your head.


Message History

Throw: 8 darts (poison)
Press: ? - help, Q - select action, (/) - cycle Shift-Dir - straight line, f - kobold
Aim: a kobold, wielding a +1 dagger of holy wrath (53% to hit)
You throw a poisoned dart.
The poisoned dart closely misses the kobold.
Throw: 7 darts (poison)
Press: ? - help, Q - select action, (/) - cycle Shift-Dir - straight line, f/p - kobold
Aim: a kobold, wielding a +1 dagger of holy wrath (53% to hit)
You throw a poisoned dart. The poisoned dart hits the kobold.
A goblin comes into view. It is wielding a +0 dagger.
Unknown command.
You closely miss the kobold.
The goblin shouts!
The kobold barely misses you.
You hit the kobold. Your headbutt misses the kobold.
The kobold is moderately wounded.
The kobold closely misses you.
You barely miss the kobold.
The kobold is moderately wounded.
The kobold barely misses you.
You barely miss the kobold. Your headbutt misses the kobold.
The kobold is moderately wounded.
The kobold hits you with a +1 dagger of holy wrath.
* * * LOW HITPOINT WARNING * * *
You convulse.
* * * LOW HITPOINT WARNING * * *
You barely miss the kobold.
The kobold hits you with a +1 dagger of holy wrath.
* * * LOW HITPOINT WARNING * * *
You convulse.
* * * LOW HITPOINT WARNING * * *
You aren't carrying any potions.
You hit the kobold. Your punch misses the kobold.
The kobold is moderately wounded.
You miss the kobold. You headbutt the kobold.
The kobold is severely wounded.
The kobold hits you with a +1 dagger of holy wrath.
* * * LOW HITPOINT WARNING * * *
You convulse.
You die...

..................###
........#...†........
###.....#####.##.####
#......#............
#......#.###.##.######+##
#....##.# #...........(.
#....##.# ####.###......
#.... #.# #.# ..... ##...
.# #@# ...... #K###(.....
#####.g.g......
................
######:......###
#.......# #.......#
#.....(.# #.#####.#


You could see a goblin and a kobold.

Vanquished Creatures
  2 endoplasms (D:1)
  A giant cockroach (D:1)
  A goblin (D:1)
  A hobgoblin (D:1)
  A frilled lizard (D:1)
  A rat (D:1)
7 creatures vanquished.

Notes
Turn   | Place    | Note
-------+----------+-------------------------------------------
     0 | D:1      | porpoise the Demonspawn Brigand began the quest for the
                  | Orb.
     0 | D:1      | Reached XP level 1. HP: 16/16 MP: 1/1
   384 | D:1      | Gained mutation: You have a pair of small horns on your
                  | head. [demonic ancestry]
   384 | D:1      | Reached XP level 2. HP: 6/23 MP: 2/2
   395 | D:1      | HP: 1/23 [kobold (1)]
   395 | D:1      | Slain by a kobold

Illustrated notes

Levels and vault maps discovered:
D:1:      eino_arrival_tree_alley, layout_basic,
          shapermc_ecumenical_altar_petra, serial_glass, glass_columns_a,
          glass_columns_a, due_unseen_surprise

Skill      XL: |  1 |
---------------+----+-----
Throwing       | 2 |  2.0
Fighting       | |  2.4
Short Blades   | |  1.7
Dodging        | |  0.8
Stealth        | |  3.7

Action                   || total
-------------------------++-------
Melee: Dagger            ||    32
       Punch             ||     1
       Headbutt          ||     1
Throw: Dart              ||     4
 Stab: Distracted        ||     1
Armor: Robe              ||     4
Dodge: Dodged            ||    12

Table legend: (Time is in decaauts)
 A = Elapsed time spent in this place.
 B = Non-inter-level travel time spent in this place.
 C = Inter-level travel time spent in this place.
 D = Time resting spent in this place.
 E = Time spent auto-exploring this place.
 F = Levels seen in this place.
 G = Mean time per level.
                   A        B        C        D        E       F      G
               +--------+--------+--------+--------+--------+-----+--------+
         Total |    391 |    391 |      0 |    192 |    121 |   1 |  391.0 |
       Dungeon |    391 |    391 |      0 |    192 |    121 |   1 |  391.0 |
               +--------+--------+--------+--------+--------+-----+--------+

Top non-repeatable levels by time:
     D:1: 391 daAuts
